 Dungeon Crawl Stone Soup version 0.31-a0-431-g88bdf31460 (webtiles) character file.

Game seed: 1954615671689534616

178 Newt the Shooter (level 5, -7/33 (35) HPs)
             Began as a Kobold Hunter on July 31, 2023.
             Mangled by a wight
             ... wielding a +0 dagger
              (9 damage)
             ... on level 5 of the Dungeon.
             The game lasted 00:02:54 (3333 turns).

Newt the Shooter (Kobold Hunter)                    Turns: 3333, Time: 00:02:55

HP:   -7/33 (35)    AC:  4    Str:  8    XL:     5   Next: 89%
MP:   5/5           EV: 15    Int: 10    God:
Gold: 231           SH:  0    Dex: 23    Spells: 4/4 levels left

rFire   + + .        a - +0 shortbow (drain)
rCold   + . .        (shield currently unavailable)
rNeg    . . .        c - +0 leather armour
rPois   .            (no helmet)
rElec   .            (no cloak)
rCorr   .            s - +0 pair of gloves
SInv    .            (no boots)
Will    .....        (no amulet)
Stlth   +++          d - ring of protection from fire
HPRegen 0.25/turn    j - ring "Obuz Cod" {rF+ rC+ Dex+2}
MPRegen 0.09/turn

%: no passive effects
@: hasted, drained, very quick
A: small, no large weapons, nightstalker 3
a: no special abilities


You were on level 5 of the Dungeon.
You visited 1 branch of the dungeon, and saw 5 of its levels.

You collected 231 gold pieces.

Inventory:

Hand Weapons
 a - a +0 shortbow of draining (weapon)
Missiles
 v - a throwing net
Armour
 c - a +0 leather armour (worn)
 s - a +0 pair of gloves (worn)
Jewellery
 d - a ring of protection from fire (left hand)
 f - a ring of willpower
 j - the ring "Obuz Cod" (right hand) {rF+ rC+ Dex+2}
   (You found it on level 3 of the Dungeon)

   [ring of protection from cold]

   Dex:       It affects your dexterity (+2).
   rF:        It protects you from fire.
   rC:        It protects you from cold.
 m - a +6 ring of intelligence
 q - a ring of wizardry
Talismans
 n - a beast talisman
Wands
 p - a wand of digging (4)
Scrolls
 b - a scroll of butterflies
 h - 3 scrolls of blinking
 l - 5 scrolls of teleportation
 x - a scroll of torment
Potions
 e - a potion of enlightenment
 g - a potion of haste
 i - a potion of mutation
 k - a potion of berserk rage {unknown}
 o - 2 potions of magic {unknown}
 r - 2 potions of curing {unknown}
 t - a potion of resistance {unknown}
 u - a potion of lignification {unknown}
 w - a potion of degeneration {unknown}
 z - a potion of brilliance {unknown}


   Skills:
 - Level 5.0 Fighting
 + Level 6.9 Ranged Weapons
 - Level 2.4 Dodging
 - Level 1.3 Stealth


You had 4 spell levels left.
You didn't know any spells.
Your spell library contained the following spells:

 Spells                   Type           Power      Damage    Failure   Level
 Magic Dart               Conj           0%         1d3       50%         1
 Call Imp                 Summ           0%         N/A       63%         2
 Sublimation of Blood     Necr           0%         N/A       63%         2
 Mephitic Cloud           Conj/Pois/Air  0%         N/A       86%         3
 Petrify                  Tmut/Erth      0%         N/A       99%         4
 Irradiate                Conj/Tmut      0%         3d11      100%        5


Dungeon Overview and Level Annotations

Branches:
Dungeon (5/15)
 Temple: D:4-7

Altars:
Wu Jian
Xom
Yredelemnul


Innate Abilities, Weirdness & Mutations

You are small and have problems with some larger weapons.
You are completely attuned to the shadows.


Message History

The wight attacks as you move away! The wight barely misses you.
You shoot an arrow.
The arrow hits the wight but does no damage.
You shoot an arrow. The arrow barely misses the wight. x2
You shoot an arrow. The arrow hits the wight!
The wight is severely damaged.
The wight completely misses you.
You shoot an arrow.
The arrow hits the wight but does no damage.
The wight is severely damaged.
The wight hits you with a +0 dagger.
You shoot an arrow.
The arrow hits the wight but does no damage.
The wight is severely damaged.
The wight hits you with a +0 dagger.
You shoot an arrow. The arrow closely misses the wight.
The arrow hits the wight.
The wight is heavily damaged.
The wight hits you with a +0 dagger.
You feel drained.
You shoot an arrow. The arrow closely misses the wight.
The arrow hits the wight.
The wight is severely damaged.
The wight hits you with a +0 dagger. The wight hits you with a +0 dagger!
* * * LOW HITPOINT WARNING * * *
You are too injured to fight recklessly!
You shoot an arrow. The arrow hits the wight.
The wight is severely damaged.
The wight completely misses you.
Unknown command.
There is a stone staircase leading down here.
Unknown command.
The wight hits you with a +0 dagger!
* * * LOW HITPOINT WARNING * * *
You feel drained.
* * * LOW HITPOINT WARNING * * *
You climb downwards.
Found a spear and a scroll of identify.
There is a stone staircase leading up here.
You feel yourself speed up. The wight hits you with a +0 dagger!
You die...

#.#
#.#
#.#
#z#
#@#
#.#
#.#
#)#
.?#


You could see a wight.

Vanquished Creatures
  Jessica (D:2)
  Terence (D:3)
  3 gnolls (D:2)
  4 adders
  A worm (D:3)
  4 dart slugs
  An endoplasm (D:2)
  6 goblins
  5 hobgoblins
  2 jackals (D:1)
  2 quokkas
  6 ball pythons
  8 bats
  2 frilled lizards
  8 kobolds
  5 rats
59 creatures vanquished.

Notes
Turn   | Place    | Note
-------+----------+-------------------------------------------
     0 | D:1      | Newt the Kobold Hunter began the quest for the Orb.
     0 | D:1      | Reached XP level 1. HP: 12/12 MP: 1/1
   152 | D:1      | Reached XP level 2. HP: 18/18 MP: 2/2
   591 | D:1      | Reached XP level 3. HP: 21/23 MP: 3/3
  1131 | D:2      | Noticed Jessica
  1134 | D:2      | Killed Jessica
  1135 | D:2      | Reached XP level 4. HP: 30/30 MP: 4/4
  1618 | D:2      | Reached skill level 5 in Fighting
  1632 | D:2      | Reached XP level 5. HP: 15/35 MP: 5/5
  1966 | D:3      | Identified the ring "Obuz Cod" {rF+ rC+ Dex+2}
  2029 | D:3      | Noticed Terence
  2034 | D:3      | Killed Terence
  2035 | D:3      | Reached skill level 6 in Ranged Weapons
  3114 | D:4      | Found a basalt altar of Yredelemnul.
  3121 | D:4      | Found an ornate altar of the Wu Jian Council.
  3267 | D:4      | Found a shimmering altar of Xom.
  3332 | D:5      | Entered Level 5 of the Dungeon
  3333 | D:5      | Mangled by a wight

Illustrated notes

Levels and vault maps discovered:
D:1:      sevenhm_arrival_forest_fort_small_4, layout_basic
D:2:      layout_loops_ring, hangedman_decor_growths, uniq_jessica
D:3:      layout_basic, minmay_quadrilaterals, uniq_terence
D:4:      layout_loops_ring, lemuel_coloured_pillars_altar,
          grunt_temple_overflow_open, serial_bayou_pond_c
D:5:      layout_basic, chequers_serial_rivers_room_a

Skill      XL: |  1  2  3  4  5 |
---------------+----------------+-----
Fighting       | 3 4 5 |  5.0
Ranged Weapons | 6 |  6.9
Dodging        | |  2.4
Stealth        | |  1.3

Action                     |  1- 3 |  4- 6 || total
---------------------------+-------+-------++-------
   Fire: Shortbow          |    75 |    97 ||   172
    Use: Scroll            |       |     9 ||     9
         Potion            |       |     1 ||     1
 Armour: Leather armour    |    10 |     5 ||    15
  Dodge: Dodged            |    32 |    33 ||    65

Table legend: (Time is in decaauts)
 A = Elapsed time spent in this place.
 B = Non-inter-level travel time spent in this place.
 C = Inter-level travel time spent in this place.
 D = Time resting spent in this place.
 E = Time spent auto-exploring this place.
 F = Levels seen in this place.
 G = Mean time per level.
                   A        B        C        D        E       F      G
               +--------+--------+--------+--------+--------+-----+--------+
         Total |   3363 |   3257 |    106 |    179 |   2729 |   5 |  672.6 |
       Dungeon |   3363 |   3257 |    106 |    179 |   2729 |   5 |  672.6 |
               +--------+--------+--------+--------+--------+-----+--------+

Top non-repeatable levels by time:
     D:2: 1062 daAuts
     D:3: 1013 daAuts
     D:1: 849 daAuts
     D:4: 436 daAuts
     D:5: 0 daAuts
